 Dungeon Crawl Stone Soup version 0.28-a0-381-g937acc2988 (webtiles) character file.

Game seed: 15939631520016563563

198 barkas the Chopper (level 5, -2/49 HPs)
             Began as a Naga Cinder Acolyte on Sept 2, 2021.
             Was a High Priest of Ignis.
             Slain by Pikel (11 damage)
             ... on level 4 of the Dungeon.
             The game lasted 00:04:11 (3426 turns).

barkas the Chopper (Naga Cinder Acolyte)            Turns: 3426, Time: 00:04:12

Health: -2/49      AC:  2    Str: 18    XL:     5   Next: 76%
Magic:  6/6        EV:  9    Int: 13    God:    Ignis [*****.]
Gold:   134        SH:  0    Dex:  7    Spells: 5/6 levels left

rFire   + . .      SeeInvis +   a - -1 hand axe (flame)
rCold   . . .      Faith    .   (no shield)
rNeg    . . .      Spirit   .   b - +0 robe
rPois   +          Reflect  .   (no helmet)
rElec   .          Harm     .   (no cloak)
rCorr   .          Rampage  .   (no gloves)
Will    .....                   (no barding)
Stlth   ++........              (no amulet)
HPRegen 0.16/turn               (no ring)
MPRegen 0.10/turn               (no ring)

@: mighty, very slow
A: AC +1, large, see invisible, deformed body, poison resistance, slowness 2,
spit poison 1, naga tail 1
a: Spit Poison, Renounce Religion, Sea of Fire, Foxfire Swarm, Rising Flame


You were on level 4 of the Dungeon.
You worshipped Ignis.
Ignis was extremely pleased with you.
You visited 1 branch of the dungeon, and saw 4 of its levels.

You collected 134 gold pieces.

Inventory:

Hand Weapons
 a - a -1 hand axe of flaming (weapon)
Missiles
 m - 3 poisoned darts
Armour
 b - a +0 robe (worn)
Scrolls
 c - a scroll of enchant weapon {unknown}
 d - a scroll of enchant armour {unknown}
 e - 2 scrolls of magic mapping {unknown}
 f - a scroll of vulnerability {unknown}
 g - 2 scrolls of identify {unknown}
 h - a scroll of fear {unknown}
 i - a scroll of teleportation {unknown}
 n - a scroll of noise {unknown}
Potions
 l - a potion of cancellation
 o - a potion of brilliance {unknown}
 p - a potion of curing {unknown}


   Skills:
 + Level 3.6 Fighting
 * Level 4.3 Axes
 + Level 3.1 Stealth
 - Level 1.0 Spellcasting
 * Level 3.2 Fire Magic


You had 5 spell levels left.
You knew the following spells:

 Your Spells              Type           Power      Damage    Failure   Level
a - Foxfire               Conj/Fire      16%        2x1d4     14%         1

Your spell library contained the following spells:

 Spells                   Type           Power      Damage    Failure   Level


Dungeon Overview and Level Annotations

Branches:
Dungeon (4/15)
 Temple: D:4-7

Altars:

Annotations:
D:4 Pikel


Innate Abilities, Weirdness & Mutations

Your serpentine skin is tough. (AC +1)
You have supernaturally acute eyesight. (SInv)
Armour fits poorly on your strangely shaped body.
Your system is resistant to poisons. (rPois)
You cover ground very slowly.
You can spit poison.
You have a snake-like lower body.


Message History

Unknown command.
Casting: Foxfire (safe; 14% risk of failure)
Confirm with . or Enter, or press ? or * to list all spells.
Okay, then.
Unknown command.
You barely miss Pikel. Pikel closely misses you.
You hit Pikel but do no damage.
Pikel hits you with a +1 whip of flaming!
Pikel burns you.
You aren't carrying any items that you can evoke.
Unknown command.
It was a potion of heal wounds.
You feel much better.
You have got your breath back.
Pikel hits you with a +1 whip of flaming.
Pikel burns you.
Okay, then.
Press: ? - help, Shift-Dir - straight line, f/p - Pikel
Aim: Pikel, wielding a +1 whip of flaming and wearing a +0 robe The splash of poison hits Pikel.
Pikel is lightly wounded.
Pikel hits you with a +1 whip of flaming.
Unknown command.
It was a potion of cancellation.
You feel magically purged.
Pikel hits you with a +1 whip of flaming!
Pikel burns you.
It was a potion of might.
You feel very mighty all of a sudden.
Pikel hits you with a +1 whip of flaming.
You hit Pikel. You burn Pikel.
Pikel is lightly wounded.
Pikel hits you with a +1 whip of flaming!
* * * LOW HITPOINT WARNING * * *
Pikel burns you.
* * * LOW HITPOINT WARNING * * *
Unknown command.
You closely miss Pikel.
Pikel is lightly wounded.
You have got your breath back.
Pikel hits you with a +1 whip of flaming!
You die...

.. ### .# ..## ..##
..##..... ####........
##......##.§ ##..........#
#####..####....## #.@K5.##
.....# #############.##5##
..##.## #......[..)...#..#
. .#
#..........#....####.####.#
#.........###......#......
#.........########.)..####
#.........................
#.........##..†.##.##.....
############.###...# ##..


You could see Pikel and 2 lemures.

Vanquished Creatures
  A phantom (D:4)
  A hound (D:3)
  3 adders
  A howler monkey skeleton (D:4)
  A worm (D:3)
  2 dart slugs
  An orc (D:4)
  8 endoplasms
  2 giant cockroaches
  9 goblins
  5 hobgoblins
  A quokka (D:1)
  3 ball pythons
  2 bats
  3 frilled lizards
  3 kobolds
  3 rats (D:3)
  A spectral hobgoblin (D:1)
50 creatures vanquished.

Vanquished Creatures (others)
  106 foxfires
106 creatures vanquished.

Grand Total: 156 creatures vanquished

Notes
Turn   | Place    | Note
-------+----------+-------------------------------------------
     0 | D:1      | barkas the Naga Cinder Acolyte began the quest for the Orb.
     0 | D:1      | Reached XP level 1. HP: 21/21 MP: 2/2
   159 | D:1      | Found a faded altar of an unknown god.
   317 | D:1      | Reached XP level 2. HP: 28/28 MP: 3/3
   565 | D:1      | Reached skill level 1 in Stealth
   985 | D:1      | Reached XP level 3. HP: 23/34 MP: 0/4
  1208 | D:2      | Found Suteixze's Antique Armour Shoppe.
  2282 | D:3      | Reached XP level 4. HP: 33/42 MP: 0/5
  3067 | D:4      | Reached skill level 4 in Axes
  3155 | D:4      | Reached XP level 5. HP: 48/49 MP: 0/6
  3167 | D:4      | Noticed a phantom
  3183 | D:4      | Killed a phantom
  3401 | D:4      | Noticed a lemure
  3403 | D:4      | Noticed a lemure
  3404 | D:4      | Noticed Pikel
  3406 | D:4      | Noticed a lemure
  3414 | D:4      | Noticed a lemure
  3426 | D:4      | Slain by Pikel

Illustrated notes

Levels and vault maps discovered:
D:1:      dpeg_arrival_tiny_g, layout_loops_cross,
          dreamdust_ecumenical_altar_drowned_temple
D:2:      layout_basic, serial_shops, nicolae_shop_crystal
D:3:      layout_basic
D:4:      layout_rooms, riverfiend_overflow_shadow_ancestor, st_stairs_4,
          uniq_eustachio, uniq_pikel, uniq_blork_the_orc

Skill      XL: |  1  2  3  4  5 |
---------------+----------------+-----
Stealth        | 1 2 3 |  3.1
Fire Magic     | 2 3 |  3.2
Axes           | 4 |  4.3
Fighting       | |  3.6
Spellcasting   | |  1.0

Action                   |  1- 3 |  4- 6 || total
-------------------------+-------+-------++-------
Melee: Hand axe          |    13 |    33 ||    46
 Cast: Foxfire           |    36 |    24 ||    60
Invok: Foxfire Swarm     |       |     1 ||     1
 Abil: Spit Poison       |    26 |    20 ||    46
  Use: Potion            |       |     3 ||     3
Armor: Robe              |     3 |     4 ||     7
Dodge: Dodged            |     9 |    10 ||    19

Table legend: (Time is in decaauts)
 A = Elapsed time spent in this place.
 B = Non-inter-level travel time spent in this place.
 C = Inter-level travel time spent in this place.
 D = Time resting spent in this place.
 E = Time spent auto-exploring this place.
 F = Levels seen in this place.
 G = Mean time per level.
                   A        B        C        D        E       F      G
               +--------+--------+--------+--------+--------+-----+--------+
         Total |   4207 |   4024 |    183 |     49 |   3452 |   4 | 1051.8 |
       Dungeon |   4207 |   4024 |    183 |     49 |   3452 |   4 | 1051.8 |
               +--------+--------+--------+--------+--------+-----+--------+

Top non-repeatable levels by time:
     D:1: 1351 daAuts
     D:2: 1306 daAuts
     D:3: 1120 daAuts
     D:4: 430 daAuts
